 Dungeon Sprint DCSS version 0.18.1-8-gdd0e5ea (webtiles) character file.

38591375 Loading the Skullcrusher (level 25, 234/234 HPs)
             Began as a Formicid Fighter on May 28, 2016.
             Was the Champion of Qazlal.
             Escaped with the Orb
             ... and 9 runes!
             The game lasted 01:03:02 (13422 turns).

Loading the Skullcrusher (Formicid Fighter)        Turns: 13422, Time: 01:03:03

Health: 234/234    AC: 45    Str: 24    XL:     25   Next: 33%
Magic:  63/63      EV: 22    Int:  9    God:    Qazlal [******]
Gold:   1695       SH: 46    Dex: 26    Spells: 0 memorised, 78 levels left

rFire  + + .     SeeInvis +     c - +2 sacred scourge (holy)
rCold  + . .     Gourm    .     T - +6 gold dragon armour
rNeg   + + +     Faith    .     M - +18 shield of the gong {rElec rN+ MR+ EV-5}
rPois  +         Spirit   .     (helmet unavailable)
rElec  +         Dismiss  .     J - +1 cloak
rCorr  .         Reflect  .     L - +0 pair of gloves {Dex+3}
SustAt .         Harm     .     U - +1 pair of boots
MR     ++++.                    (no amulet)
Stlth  +.........               R - ring of the Firefly {*Drain rF+ rN+ MP+9 Dex+5}
                                C - ring of Egrir {rN+ MR+ Slay+3 Stlth+}

@: repel missiles, incredibly resistant to hostile enchantments, very unstealthy
A: permanent stasis, dig shafts and tunnels, four strong arms, antennae 3,
iridescent scales 1, deterioration 1
a: Dig, Upheaval, Elemental Force, Disaster Area, Renounce Religion
0: Orb of Zot
}: 9/15 runes: decaying, serpentine, barnacled, slimy, elven, silver, golden,
abyssal, gossamer


You escaped.
You worshipped Qazlal.
Qazlal was exalted by your worship.
You were full.

You visited 1 branch You collected 1945 gold pieces.
You spent 250 gold pieces at shops.

Inventory:

Hand Weapons
 c - a +2 sacred scourge of holy wrath (weapon)
 q - a +8 great mace
Armour
 J - a +1 cloak (worn)
 L - a +0 pair of gloves of dexterity (worn)
 M - the +18 shield of the gong (worn) {rElec rN+ MR+ EV-5}
   (You took it off Donald in the Dungeon)

   It affects your evasion (-5).
   It insulates you from electricity.
   It protects you from negative energy.
   It affects your resistance to hostile enchantments.
 T - a +6 gold dragon armour (worn)
 U - a +1 pair of boots (worn)
Jewellery
 p - a +4 ring of evasion
 r - a +4 ring of evasion
 s - an uncursed ring of wizardry
 t - a +3 ring of dexterity
 u - a +3 ring of dexterity
 v - an uncursed ring of positive energy
 w - a +4 ring of evasion
 C - the ring of Egrir (left hand) {rN+ MR+ Slay+3 Stlth+}
   (You found it in the Dungeon)

   [ring of slaying]

   It affects your accuracy and damage with ranged weapons and melee attacks
   (+3).
   It protects you from negative energy.
   It affects your resistance to hostile enchantments.
   It makes you more stealthy.
 D - a +6 ring of intelligence
 E - an uncursed ring of protection from cold
 F - an uncursed ring of ice
 G - an uncursed ring of ice
 H - an uncursed ring of protection from magic
 K - the ring of the Evening {*Confuse rElec rN++ Str+3 Int+3}
   (You found it in the Dungeon)

   [ring of strength]

   It affects your strength (+3).
   It affects your intelligence (+3).
   It insulates you from electricity.
   It greatly protects you from negative energy.
   It may confuse you when you take damage.
 N - the ring of Satisfaction {rElec rPois rF++ rC- AC+3}
   (You found it in the Dungeon)

   [ring of protection]

   It affects your AC (+3).
   It greatly protects you from fire.
   It makes you vulnerable to cold.
   It insulates you from electricity.
   It protects you from poison.
 Q - the ring "Jawid" {Fire *Corrode Dex+7}
   (You found it in the Dungeon)

   [ring of fire]

   It enhances your fire magic, and weakens your ice magic.
   It affects your dexterity (+7).
   It protects you from fire.
   It makes you vulnerable to cold.
   It may corrode you when you take damage.
 R - the ring of the Firefly (right hand) {*Drain rF+ rN+ MP+9 Dex+5}
   (You found it in the Dungeon)

   [ring of protection from fire]

   It affects your dexterity (+5).
   It protects you from fire.
   It protects you from negative energy.
   It affects your magic capacity (+9).
   It causes draining when unequipped.
Wands
 o - a wand of acid (7/15)
 X - a wand of hasting (5/9)
Scrolls
 k - 5 scrolls of blinking
 m - 7 scrolls of remove curse
 n - 2 scrolls of amnesia
 x - 2 scrolls of recharging
 y - 4 scrolls of fog
 O - 2 scrolls of identify
 P - 4 scrolls of fear
Potions
 b - a potion of resistance
 d - a potion of might
 e - 10 potions of curing
 g - 19 potions of heal wounds
 h - a potion of haste
 i - 4 potions of magic
 j - 5 potions of berserk rage
 l - a potion of invisibility
 B - a potion of flight
 W - 3 potions of agility
Books
 I - a book of the Sky

   Spells                             Type                      Level
   a - Summon Lightning Spire         Summoning/Air                4
   b - Airstrike                      Air                          4
   c - Silence                        Hexes/Air                    5
   d - Deflect Missiles               Charms/Air                   6
   e - Conjure Ball Lightning         Conjuration/Air              6
   f - Tornado                        Air                          9
Miscellaneous
 a - the horn of Geryon
Comestibles
 f - 13 bread rations
 z - 19 fruits
 A - 10 meat rations


   Skills:
 O Level 27 Fighting
 O Level 27 Maces & Flails
 O Level 27 Throwing
 O Level 27 Armour
 O Level 27 Dodging
 O Level 27 Stealth
 O Level 27 Shields
 O Level 27 Unarmed Combat
 O Level 27 Spellcasting
 O Level 27 Invocations
 O Level 27 Evocations


You had 78 spell levels left.
You didn't know any spells.

Dungeon Overview and Level Annotations

Branches:
Dungeon (1/1)

Altars:
Cheibriados
Dithmenos
Elyvilon
Fedhas
Gozag
Kikubaaqudgha
Makhleb
Nemelex Xobeh
Okawaru
Pakellas
Qazlal
Ru
Sif Muna
Trog
Vehumet
Xom
Yredelemnul
Zin
The Shining One
Beogh
Jiyva
Lugonu

Shops:
D %*}(


Innate Abilities, Weirdness & Mutations

You are under a permanent stasis effect.
You can dig through walls and to a lower floor.
Your four strong arms can wield two-handed weapons with a shield.
You have a pair of large antennae on your head (SInv).
You are partially covered in iridescent scales (AC +4).
Your body sometimes deteriorates upon taking damage.


Message History

There is a glowing silver altar of Zin here.
You see here a demon trident of electrocution.
The hellwing swoops through the air toward you!
You block the hellwing's attack.
PTOANNNG!
You block the hellwing's attack.
GONNNNG!
The hellwing blocks your attack.
The hellwing is lightly wounded.
You punish the hellwing, causing immense pain!!!
The hellwing's corpse armour sloughs away.
The hellwing convulses!!
You kill the hellwing!
Qazlal accepts your kill.
Unknown command.
There is an open door, spattered with blood here.
You see here a short sword.
There is an open door to the Dungeon here.
There is a staircase leading out of the dungeon here.
You have escaped!

▓▓▓▓▓▓▓▓▓▓▓▓▓▓▓▓▓▓
▓@▓...▓...▓...▓...
▓.▓.▓.▓.▓.▓.▓.▓.▓.
▓.▓.▓.▓.▓.▓.▓.▓.▓.
▓.▓.▓.▓.▓.▓.▓.▓.▓.
▓'▓.▓.▓{▓.▓.▓.▓.▓.
▓.▓.▓.▓.▓.▓.▓.▓.▓.
▓.▓.▓.▓.▓.▓.▓{▓.▓.
▓.▓.▓'▓.▓.▓.▓.▓.▓.
▓.▓.▓.▓.▓.▓.▓.▓.▓.


There were no monsters in sight!

Vanquished Creatures
  3 pandemonium lords (D)
  the Royal Jelly (D)
  A seraph (D)
  6 ancient liches (D)
  3 orbs of fire (D)
  Mara (D)
  7 greater mummies (D)
  Boris (D)
  Frederick (D)
  5 golden dragons (D)
  Geryon (D)
  Jory (D)
  3 Tzitzimimeh (D)
  A Brimstone Fiend (D)
  2 electric golems (D)
  3 Hell Sentinels (D)
  5 liches (D)
  2 Ice Fiends (D)
  A tentacled monstrosity (D)
  39 Orb Guardians (D)
  3 quicksilver dragons (D)
  4 deep elf master archers (D)
  3 deep elf blademasters (D)
  2 death cobs (D)
  Agnes (D)
  9 acid blobs (D)
  A tentacled starspawn (D)
  13 sphinxes (D)
  2 Executioners (D)
  A tengu reaver (D)
  A storm dragon (D)
  5 azure jellies (D)
  7 shadow dragons (D)
  Ilsuiw (D)
  A draconian monk (D)
  Donald (D)
  A frost giant (D)
  7 greater nagas (D)
  3 deep elf sorcerers (D)
  2 cacodemons (D)
  4 draconian scorchers (D)
  2 balrugs (D)
  A draconian knight (D)
  3 emperor scorpions (D)
  2 ghost moths (D)
  Louise (D)
  A vault warden (D)
  A draconian zealot (D)
  3 angels (D)
  3 draconian shifters (D)
  An ironheart preserver (D)
  A draconian annihilator (D)
  3 stone giants (D)
  2 very ugly things (D)
  4 draconian callers (D)
  Nessos (D)
  A reaper (D)
  5 vampire knights (D)
  A deep elf demonologist (D)
  2 green draconians (D)
  3 black draconians (D)
  4 lorocyprocas (D)
  4 red draconians (D)
  Azrael (D)
  3 black suns (D)
  2 mottled draconians (D)
  3 purple draconians (D)
  A white draconian (D)
  A yellow draconian (D)
  A deep elf annihilator (D)
  3 chaos champions (D)
  6 fire dragons (D)
  A blizzard demon (D)
  4 ogre magi (D)
  25 vault guards (D)
  A mummy priest (D)
  3 merfolk javelineers (D)
  4 merfolk impalers (D)
  A green death (D)
  Josephine (D)
  6 death oozes (D)
  An ettin (D)
  2 deep elf high priests (D)
  2 great orbs of eyes (D)
  2 entropy weavers (D)
  A naga warrior (D)
  4 ice dragons (D)
  2 death knights (D)
  9 hydras (D)
  3 spriggan air magi (D)
  A merfolk avatar (D)
  A hell beast (D)
  6 centaur warriors (D)
  4 merfolk aquamancers (D)
  A deep troll shaman (D)
  2 alligators (D)
  3 naga sharpshooters (D)
  A deep troll earth mage (D)
  A vampire mage (D)
  2 tengu warriors (D)
  A spriggan berserker (D)
  2 shock serpents (D)
  2 soul eaters (D)
  Sonja (D)
  3 hell knights (D)
  7 sun demons (D)
  A skeletal warrior (D)
  A fire crab (D)
  4 small abominations (D)
  A spriggan druid (D)
  A sea snake (D)
  A gelid demonspawn (D)
  A deep elf archer (D)
  An infernal demonspawn (D)
  A shadow demon (D)
  A hill giant (D)
  5 ironbrand convokers (D)
  A torturous demonspawn (D)
  5 swamp dragons (D)
  4 putrid demonspawn (D)
  3 necromancers (D)
  2 harpies (D)
  3 lindwurms (D)
  A wolf spider (D)
  3 ugly things (D)
  7 orc knights (D)
  A deep elf mage (D)
  A mana viper (D)
  9 orc sorcerers (D)
  A cyclops (D)
  2 manticores (D)
  10 sixfirhies (D)
  3 vault sentinels (D)
  12 moths of wrath (D)
  6 large abominations (D)
  A guardian serpent (D)
  Joseph (D)
  7 smoke demons (D)
  5 orange demons (D)
  3 rust devils (D)
  A gargoyle (D)
  4 naga magi (D)
  A black mamba (D)
  A spiny frog (D)
  2 water nymphs (D)
  3 efreet (D)
  2 hellions (D)
  A tengu conjurer (D)
  3 freezing wraiths (D)
  A demonic crawler (D)
  15 hellwings (D)
  12 ice devils (D)
  3 komodo dragons (D)
  6 red devils (D)
  A wandering mushroom (D)
  20 guardian mummies (D)
  6 jumping spiders (D)
  3 merfolk (D)
  6 giant leeches (D)
  A bog body (D)
  2 boulder beetles (D)
  11 spriggans (D)
  6 ynoxinuls (D)
  2 yaks (D)
  2 redbacks (D)
  A shadow (D)
  A fire elemental (D)
  2 tarantellas (D)
  5 wraiths (D)
  A golden eye (D)
  3 chaos spawn (D)
  A basilisk (D)
  Eustachio (D)
  A wyvern (D)
  A hungry ghost (D)
  A hippogriff (D)
  3 mottled dragons (D)
  A neqoxec (D)
  3 nagas (D)
  A porcupine (D)
  3 hell hounds (D)
  2 water moccasins (D)
  A giant eyeball (D)
  A black bear (D)
  2 swamp drakes (D)
  11 orc warriors (D)
  A phantom (D)
  An ice beast (D)
  An eye of draining (shapeshifter) (D)
  2 crocodiles (D)
  6 giant frogs (D)
  A big kobold (D)
  A howler monkey (D)
  4 crimson imps (D)
  A hound (D)
  A quasit (D)
  2 orc priests (D)
  A jelly (D)
  2 iron imps (D)
  5 orc wizards (D)
  A worker ant (D)
  A sheep (D)
  3 adders (D)
  A river rat (D)
  4 shadow imps (D)
  2 white imps (D)
  3 ufetubi (D)
  An ooze (D)
  An adder skeleton (D)
  A worm (D)
  10 orcs (D)
  2 bat skeletons (D)
  A giant cockroach (D)
  A hobgoblin (D)
  A kobold (D)
  2 giant cockroach zombies (D)
  A giant newt (D)
  A rat (D)
675 creatures vanquished.

Vanquished Creatures (others)
  Margery (D)
  A white imp (D)
2 creatures vanquished.

Grand Total: 677 creatures vanquished

Notes
Turn   | Place    | Note
--------------------------------------------------------------
     0 | D        | Loading the Formicid Fighter began the quest for the Orb.
     0 | D        | Reached XP level 1. HP: 18/18 MP: 1/1
    50 | D        | Noticed a hound
    51 | D        | Reached skill level 1 in Dodging
    51 | D        | Reached XP level 2. HP: 25/25 MP: 2/2
    64 | D        | Reached skill level 5 in Shields
    64 | D        | Reached XP level 3. HP: 10/31 MP: 3/3
    64 | D        | Reached XP level 4. HP: 13/38 MP: 4/4
   397 | D        | Found a glowing silver altar of Zin.
   397 | D        | Found a glowing golden altar of the Shining One.
   397 | D        | Found an ancient bone altar of Kikubaaqudgha.
   397 | D        | Found a basalt altar of Yredelemnul.
   397 | D        | Found a shimmering altar of Xom.
   397 | D        | Found a radiant altar of Vehumet.
   398 | D        | Found an iron altar of Okawaru.
   399 | D        | Found a burning altar of Makhleb.
   400 | D        | Found a deep blue altar of Sif Muna.
   401 | D        | Found a bloodstained altar of Trog.
   402 | D        | Found a sparkling altar of Nemelex Xobeh.
   403 | D        | Found a white marble altar of Elyvilon.
   404 | D        | Found a roughly hewn altar of Beogh.
   405 | D        | Found a viscous altar of Jiyva.
   406 | D        | Found a corrupted altar of Lugonu.
   407 | D        | Found a blossoming altar of Fedhas.
   408 | D        | Found a snail-covered altar of Cheibriados.
   409 | D        | Found a shadowy altar of Dithmenos.
   410 | D        | Found a stormy altar of Qazlal.
   411 | D        | Found an opulent altar of Gozag.
   412 | D        | Found a sacrificial altar of Ru.
   413 | D        | Found an oddly glowing altar of Pakellas.
   418 | D        | Became a worshipper of Qazlal Stormbringer
   468 | D        | Noticed an ice beast
   470 | D        | Killed an ice beast
   470 | D        | Reached skill level 5 in Fighting
   470 | D        | Reached skill level 5 in Maces & Flails
   470 | D        | Reached skill level 5 in Armour
   470 | D        | Reached XP level 5. HP: 30/44 MP: 4/7
   478 | D        | Reached * piety under Qazlal
   489 | D        | Reached ** piety under Qazlal
   489 | D        | Reached skill level 5 in Invocations
   489 | D        | Reached XP level 6. HP: 27/52 MP: 6/10
   642 | D        | Noticed a phantom
   642 | D        | Noticed a black bear
   642 | D        | Noticed a gargoyle
   646 | D        | Killed a phantom
   653 | D        | Reached XP level 7. HP: 53/59 MP: 10/12
   658 | D        | Reached *** piety under Qazlal
   663 | D        | Killed a gargoyle
   663 | D        | Reached skill level 5 in Dodging
   663 | D        | Reached XP level 8. HP: 62/67 MP: 11/14
   794 | D        | Noticed a komodo dragon
   794 | D        | Noticed a komodo dragon
   798 | D        | Noticed a yak
   804 | D        | Reached **** piety under Qazlal
   805 | D        | Noticed a yak
   806 | D        | Killed a komodo dragon
   806 | D        | Reached skill level 10 in Invocations
   809 | D        | Killed a komodo dragon
   809 | D        | Reached skill level 10 in Maces & Flails
   809 | D        | Reached XP level 9. HP: 52/74 MP: 16/16
   817 | D        | Reached ***** piety under Qazlal
   842 | D        | Noticed a spiny frog
   849 | D        | Noticed a black mamba
   850 | D        | Killed a spiny frog
   859 | D        | Reached skill level 10 in Shields
   867 | D        | Killed a black mamba
   867 | D        | Reached XP level 10. HP: 62/83 MP: 19/19
   963 | D        | Noticed a lindwurm
   963 | D        | Noticed a lindwurm
   964 | D        | Reached ****** piety under Qazlal
   964 | D        | Killed a lindwurm
   971 | D        | Killed a lindwurm
   973 | D        | Noticed a lindwurm
   976 | D        | Reached skill level 10 in Fighting
   976 | D        | Reached skill level 10 in Armour
   988 | D        | Killed a lindwurm
  1074 | D        | Noticed Sonja
  1074 | D        | Killed Sonja
  1074 | D        | Reached XP level 11. HP: 92/92 MP: 21/21
  1134 | D        | Noticed Josephine
  1135 | D        | Killed Josephine
  1208 | D        | Noticed Eustachio
  1227 | D        | Killed Eustachio
  1272 | D        | Noticed an orc knight
  1293 | D        | Killed an orc knight
  1418 | D        | Reached skill level 15 in Invocations
  1429 | D        | Noticed an orc knight
  1469 | D        | Killed an orc knight
  1677 | D        | Found Kearheot's Food Emporium.
  1677 | D        | Noticed an orc sorcerer
  1677 | D        | Noticed an orc sorcerer
  1677 | D        | Noticed an orc sorcerer
  1677 | D        | Noticed an orc sorcerer
  1678 | D        | Noticed a sixfirhy
  1678 | D        | Killed an orc sorcerer
  1678 | D        | Killed an orc sorcerer
  1678 | D        | Killed an orc sorcerer
  1678 | D        | Killed an orc sorcerer
  1678 | D        | Killed an orc sorcerer
  1678 | D        | Reached XP level 12. HP: 101/101 MP: 22/24
  1696 | D        | Found Wuonoiro's Assorted Antiques.
  1700 | D        | Found Tocoal's Gadget Emporium.
  1702 | D        | Found Heehoer's Weapon Shoppe.
  1821 | D        | Bought a potion of curing for 75 gold pieces
  1821 | D        | Bought a potion of curing for 75 gold pieces
  1821 | D        | Bought a scroll of remove curse for 75 gold pieces
  1821 | D        | Bought a scroll labeled ROFUDE YSKUCLE for 25 gold pieces
  2044 | D        | Reached skill level 15 in Maces & Flails
  2044 | D        | Reached skill level 10 in Dodging
  2046 | D        | Noticed an entropy weaver
  2047 | D        | Noticed a stone giant
  2048 | D        | Noticed a deep troll shaman
  2049 | D        | Noticed a centaur warrior
  2050 | D        | Killed an entropy weaver
  2050 | D        | Killed a deep troll shaman
  2050 | D        | Killed a stone giant
  2068 | D        | Killed a centaur warrior
  2087 | D        | Noticed an entropy weaver
  2105 | D        | Killed an entropy weaver
  2212 | D        | Noticed Nessos
  2214 | D        | Killed Nessos
  2214 | D        | Reached XP level 13. HP: 109/109 MP: 13/25
  2736 | D        | Noticed an eight-headed hydra
  2746 | D        | Killed an eight-headed hydra
  3017 | D        | Noticed a merfolk impaler
  3018 | D        | Reached skill level 15 in Shields
  3018 | D        | Killed a merfolk impaler
  3037 | D        | Reached XP level 14. HP: 120/120 MP: 21/27
  3090 | D        | Noticed Joseph
  3098 | D        | Killed Joseph
  3239 | D        | Noticed Azrael
  3247 | D        | Killed Azrael
  3306 | D        | Noticed a stone giant
  3306 | D        | Killed a stone giant
  3315 | D        | Reached skill level 15 in Armour
  3317 | D        | Noticed a vampire knight
  3318 | D        | Noticed a white very ugly thing
  3319 | D        | Noticed a white very ugly thing
  3325 | D        | Reached skill level 15 in Fighting
  3330 | D        | Noticed a frost giant
  3333 | D        | Killed a cyan very ugly thing
  3341 | D        | Killed a red very ugly thing
  3349 | D        | Killed a vampire knight
  3361 | D        | Killed a frost giant
  3738 | D        | Noticed a vault warden
  3740 | D        | Noticed a sphinx
  3741 | D        | Killed a sphinx
  3741 | D        | Reached XP level 15. HP: 131/131 MP: 22/29
  3743 | D        | Killed a vault warden
  4101 | D        | Noticed Frederick
  4126 | D        | Killed Frederick
  4199 | D        | Got the +1 great mace of Blind Justice {crush, rElec rF+ rC- Int+5}
  4331 | D        | Noticed Boris
  4335 | D        | Killed Boris
  4512 | D        | Noticed Ilsuiw
  4523 | D        | Killed Ilsuiw
  4577 | D        | Reached XP level 16. HP: 81/142 MP: 26/31
  4589 | D        | Got a barnacled rune of Zot
  4790 | D        | Reached skill level 15 in Dodging
  4933 | D        | Got a gossamer rune of Zot
  5272 | D        | Noticed a greater naga
  5272 | D        | Noticed a greater naga
  5272 | D        | Noticed a greater naga
  5273 | D        | Killed a greater naga
  5273 | D        | Killed a greater naga
  5275 | D        | Noticed a greater naga
  5275 | D        | Killed a greater naga
  5278 | D        | Noticed a greater naga
  5279 | D        | Killed a greater naga
  5285 | D        | Noticed a greater naga
  5289 | D        | Killed a greater naga
  5294 | D        | Noticed a greater naga
  5295 | D        | Killed a greater naga
  5310 | D        | Killed a greater naga
  5315 | D        | Got a serpentine rune of Zot
  5405 | D        | Got a decaying rune of Zot
  5476 | D        | Noticed Agnes
  5486 | D        | Killed Agnes
  5662 | D        | Reached XP level 17. HP: 149/153 MP: 32/32
  5885 | D        | Noticed a shadow dragon
  5886 | D        | Killed a shadow dragon
  5890 | D        | Noticed a shadow dragon
  5907 | D        | Killed a shadow dragon
  5988 | D        | Noticed a shadow dragon
  5988 | D        | Noticed a golden dragon
  5988 | D        | Noticed a quicksilver dragon
  5988 | D        | Noticed a quicksilver dragon
  5988 | D        | Noticed a shadow dragon
  5989 | D        | Killed a quicksilver dragon
  5989 | D        | Killed a golden dragon
  5989 | D        | Killed a shadow dragon
  5989 | D        | Killed a quicksilver dragon
  5989 | D        | Killed a shadow dragon
  5989 | D        | Reached XP level 18. HP: 166/166 MP: 26/34
  5991 | D        | Noticed a quicksilver dragon
  6005 | D        | Killed a quicksilver dragon
  6016 | D        | Got a silver rune of Zot
  6177 | D        | Noticed Jory
  6202 | D        | Killed Jory
  6308 | D        | Noticed Margery
  6322 | D        | Killed Margery
  6394 | D        | Noticed Donald
  6437 | D        | Killed Donald
  6486 | D        | Got the ring of Egrir {rN+ MR+ Slay+3 Stlth+}
  6488 | D        | Got the ring of the Evening {*Confuse rElec rN++ Str+3 Int+3}
  6490 | D        | Got the ring of Satisfaction {rElec rPois rF++ rC- AC+3}
  6492 | D        | Got the ring "Jawid" {Fire *Corrode Dex+7}
  6494 | D        | Got the ring of the Firefly {*Drain rF+ rN+ MP+9 Dex+5}
  6675 | D        | Noticed Louise
  6715 | D        | Killed Louise
  6751 | D        | Noticed Mara
  6753 | D        | Noticed Loading's illusion
  6758 | D        | Killed Mara
  6924 | D        | Reached skill level 27 in Maces & Flails
  6990 | D        | Noticed a death cob
  6991 | D        | Killed a death cob
  7020 | D        | Reached XP level 19. HP: 178/178 MP: 36/36
  7020 | D        | Reached skill level 27 in Invocations
  7064 | D        | Noticed a golden dragon
  7065 | D        | Killed a golden dragon
  7222 | D        | Noticed a tentacled monstrosity
  7224 | D        | Noticed a golden dragon
  7229 | D        | Killed a tentacled monstrosity
  7232 | D        | Killed a golden dragon
  7376 | D        | Noticed an Orb Guardian
  7376 | D        | Noticed an Orb Guardian
  7376 | D        | Noticed an Orb Guardian
  7376 | D        | Noticed an Orb Guardian
  7376 | D        | Noticed an Orb Guardian
  7376 | D        | Noticed an Orb Guardian
  7381 | D        | Noticed an Orb Guardian
  7386 | D        | Killed an Orb Guardian
  7391 | D        | Noticed an Orb Guardian
  7392 | D        | Killed an Orb Guardian
  7396 | D        | Killed an Orb Guardian
  7398 | D        | Noticed an Orb Guardian
  7398 | D        | Killed an Orb Guardian
  7398 | D        | Reached skill level 27 in Shields
  7400 | D        | Noticed an Orb Guardian
  7410 | D        | Killed an Orb Guardian
  7420 | D        | Killed an Orb Guardian
  7431 | D        | Killed an Orb Guardian
  7437 | D        | Killed an Orb Guardian
  7441 | D        | Killed an Orb Guardian
  7447 | D        | Killed an Orb Guardian
  7459 | D        | Noticed an Orb Guardian
  7459 | D        | Noticed an Orb Guardian
  7460 | D        | Reached skill level 1 in Evocations
  7460 | D        | Reached XP level 20. HP: 194/194 MP: 37/37
  7460 | D        | Reached skill level 5 in Evocations
  7471 | D        | Reached skill level 27 in Fighting
  7590 | D        | Noticed an ancient lich
  7590 | D        | Noticed an orb of fire
  7594 | D        | Noticed an electric golem
  7597 | D        | Killed an ancient lich
  7597 | D        | Reached skill level 27 in Armour
  7602 | D        | Gained mutation: Your body sometimes deteriorates upon taking damage. [an orb of fire]
  7610 | D        | Killed an orb of fire
  7630 | D        | Killed an electric golem
  7777 | D        | Noticed a golden dragon
  7777 | D        | Noticed an ancient lich
  7777 | D        | Noticed an ancient lich
  7778 | D        | Killed a golden dragon
  7780 | D        | Killed an ancient lich
  7780 | D        | Reached skill level 15 in Evocations
  7783 | D        | Killed an ancient lich
  7784 | D        | Noticed an orb of fire
  7785 | D        | Noticed an electric golem
  7785 | D        | Noticed an orb of fire
  7785 | D        | Gained mutation: You are partially covered in iridescent scales (AC +4). [an orb of fire]
  7786 | D        | Killed an orb of fire
  7786 | D        | Killed an orb of fire
  7786 | D        | Killed an electric golem
  7786 | D        | Reached XP level 21. HP: 204/204 MP: 34/38
  7853 | D        | Noticed a golden dragon
  7855 | D        | Noticed an ancient lich
  7855 | D        | Killed an ancient lich
  7855 | D        | Reached skill level 27 in Dodging
  7861 | D        | Killed a golden dragon
  7957 | D        | Reached skill level 27 in Evocations
  7962 | D        | Reached skill level 5 in Stealth
  8084 | D        | Noticed an ancient lich
  8084 | D        | Noticed a lich
  8085 | D        | Reached skill level 5 in Throwing
  8085 | D        | Reached skill level 5 in Unarmed Combat
  8085 | D        | Reached skill level 5 in Spellcasting
  8085 | D        | Killed a lich
  8092 | D        | Killed an ancient lich
  8096 | D        | Noticed a lich
  8096 | D        | Noticed an ancient lich
  8109 | D        | Killed an ancient lich
  8109 | D        | Reached skill level 10 in Throwing
  8109 | D        | Reached skill level 10 in Unarmed Combat
  8109 | D        | Reached skill level 10 in Spellcasting
  8113 | D        | Killed a lich
  8113 | D        | Reached XP level 22. HP: 199/212 MP: 39/39
  8197 | D        | Reached skill level 15 in Stealth
  8271 | D        | Got an elven rune of Zot
  8309 | D        | Reached skill level 15 in Throwing
  8309 | D        | Reached skill level 15 in Unarmed Combat
  8309 | D        | Reached skill level 15 in Spellcasting
  8317 | D        | Noticed the Royal Jelly
  8330 | D        | Killed the Royal Jelly
  8337 | D        | Got a slimy rune of Zot
  8597 | D        | Reached XP level 23. HP: 219/219 MP: 45/45
  9110 | D        | Noticed a greater mummy
  9110 | D        | Noticed a greater mummy
  9110 | D        | Noticed a greater mummy
  9110 | D        | Noticed a greater mummy
  9110 | D        | Noticed a greater mummy
  9112 | D        | Killed a greater mummy
  9112 | D        | Killed a greater mummy
  9113 | D        | Killed a greater mummy
  9113 | D        | Killed a greater mummy
  9117 | D        | Noticed a greater mummy
  9118 | D        | Killed a greater mummy
  9118 | D        | Killed a greater mummy
  9120 | D        | Killed a greater mummy
  9516 | D        | Got a golden rune of Zot
  9555 | D        | Got an abyssal rune of Zot
  9681 | D        | Noticed Geryon
  9799 | D        | Killed Geryon
 10264 | D        | Got the Orb of Zot
 10473 | D        | Reached skill level 27 in Stealth
 10634 | D        | Noticed Beifeur the pandemonium lord
 10672 | D        | Killed Beifeur the pandemonium lord
 10730 | D        | Noticed Laith the pandemonium lord
 10756 | D        | Killed Laith the pandemonium lord
 10756 | D        | Reached XP level 24. HP: 59/221 MP: 50/50
 11817 | D        | Noticed a seraph
 11820 | D        | Killed a seraph
 11940 | D        | Noticed Xireh the pandemonium lord
 11963 | D        | Killed Xireh the pandemonium lord
 12072 | D        | Reached skill level 27 in Unarmed Combat
 12083 | D        | Reached skill level 27 in Throwing
 12083 | D        | Reached skill level 27 in Spellcasting
 12771 | D        | Reached XP level 25. HP: 197/234 MP: 54/54
 13422 | D        | Escaped with the Orb!

Skill      XL: |  1  2  3  4  5  6  7  8  9 10 11 12 13 14 15 16 17 18 19 20 21 22 23 24 |
---------------+-------------------------------------------------------------------------+-----
Shields        | 4 5 6 7 8 9 10 11 12 13 15 17 18 20 22 24 27 | 27.0
Maces & Flails | 3 4 5 6 7 9 10 11 12 14 16 17 19 21 23 25 27 | 27.0
Dodging        | 1 2 3 4 5 6 7 8 9 10 12 13 14 16 18 19 22 26 27 | 27.0
Fighting       | 4 5 6 7 8 9 10 11 12 14 16 17 19 21 23 26 27 | 27.0
Armour         | 4 5 6 7 8 9 10 11 13 14 16 17 19 21 23 26 27 | 27.0
Invocations    | 3 5 7 9 10 12 14 16 17 19 20 22 23 25 26 27 | 27.0
Evocations     | 1 20 27 | 27.0
Throwing       | 11 18 23 27 | 27.0
Stealth        | 13 22 27 | 27.0
Unarmed Combat | 11 18 23 27 | 27.0
Spellcasting   | 11 18 23 27 | 27.0

Action                   |  1- 3 |  4- 6 |  7- 9 | 10-12 | 13-15 | 16-18 | 19-21 | 22-24 | 25-27 || total
-------------------------+-------+-------+-------+-------+-------+-------+-------+-------+-------++-------
Melee: Flail             |    30 |     4 |       |       |       |       |       |       |       ||    34
       Dire flail        |       |    31 |    58 |   195 |   155 |       |       |       |       ||   439
       Great mace        |       |       |       |       |    59 |   405 |   253 |   514 |       ||  1231
       Sacred scourge    |       |       |       |       |       |       |       |   291 |   147 ||   438
Invok: Upheaval          |       |       |       |     3 |     6 |     8 |     2 |     4 |       ||    23
       Disaster Area     |       |       |       |     9 |    20 |    18 |    10 |    20 |     1 ||    78
  Use: Potion            |       |     1 |     2 |       |       |     1 |       |     5 |       ||     9
       Scroll            |       |       |       |     2 |    10 |     5 |     1 |       |       ||    18
  Eat: Chunk             |       |       |       |     4 |     7 |     1 |     3 |     3 |       ||    18
       Fruit             |       |       |       |       |    10 |       |       |    11 |       ||    21
       Meat ration       |       |       |       |       |       |       |       |     1 |     1 ||     2
Armor: Scale mail        |    11 |     1 |       |       |       |       |       |       |       ||    12
       Chain mail        |       |     7 |    10 |     4 |       |       |       |       |       ||    21
       Plate armour      |       |       |       |     4 |       |       |       |       |       ||     4
       Storm dragon armo |       |       |       |     6 |    33 |       |       |       |       ||    39
       Gold dragon armou |       |       |       |       |    12 |    48 |    13 |    83 |    13 ||   169
Dodge: Dodged            |     8 |     8 |     9 |    27 |    54 |    70 |    25 |    93 |    16 ||   310
       Deflected         |       |       |       |     2 |     6 |     4 |     3 |     1 |     2 ||    18
Block: Shield            |    12 |    14 |    33 |   104 |   188 |   274 |   205 |   858 |   142 ||  1830
